 Dungeon Crawl Stone Soup version 0.20-a0-629-gc37eb77 (webtiles) character file.

175 nubinia the Magician (level 5, -2/28 HPs)
             Began as a Deep Elf Air Elementalist on Feb 10, 2017.
             Killed from afar by an orc wizard (11 damage)
             ... with a puff of flame
             ... on level 4 of the Dungeon.
             The game lasted 00:09:44 (2617 turns).

nubinia the Magician (Deep Elf Air Elementalist)    Turns: 2617, Time: 00:09:45

Health: -2/28      AC:  5    Str:  5    XL:     5   Next: 29%
Magic:  4/14       EV: 13    Int: 21    God:
Gold:   113        SH:  0    Dex: 15    Spells: 3/13 levels left

rFire    . . .     SeeInvis .   m - +2 dagger (venom)
rCold    . . .     Gourm    .   a - +0 robe
rNeg     . . .     Faith    .   (no shield)
rPois    .         Spirit   .   (no helmet)
rElec    .         Reflect  .   (no cloak)
rCorr    .         Harm     .   p - +0 pair of gloves
MR       .....                  d - +1 pair of boots
Stlth    +.........             (no amulet)
Regen    0.1/turn               (no ring)
                                (no ring)

@: confused, very slightly contaminated
A: no striking features
a: no special abilities


You were on level 4 of the Dungeon.
You were not hungry.

You visited 1 branch of the dungeon, and saw 4 of its levels.

You collected 113 gold pieces.

Inventory:

Hand Weapons
 e - a +2 short sword of flaming
 k - a cursed -2 dagger
 m - a +2 dagger of venom (weapon)
Armour
 a - a +0 robe (worn)
 d - a +1 pair of boots (worn)
 h - a +0 buckler
 p - a +0 pair of gloves (worn)
Jewellery
 n - an uncursed ring of flight {unknown}
Scrolls
 g - 4 scrolls of identify {unknown}
 i - 3 scrolls of teleportation {unknown}
 l - a scroll of immolation {unknown}
 q - a scroll of fear {unknown}
Potions
 f - a potion of curing {unknown}
 j - a potion of invisibility {unknown}
 o - 2 potions of cancellation {unknown}
 u - a potion of agility {unknown}
Books
 b - a book of Air

   Spells                             Type                      Level
   a - Shock                          Conjuration/Air              1
   b - Swiftness                      Charms/Air                   2
   c - Static Discharge               Conjuration/Air              3
   d - Airstrike                      Air                          4
   e - Lightning Bolt                 Conjuration/Air              5
 s - a book of Misfortune

   Spells                             Type                      Level
   a - Confusing Touch                Hexes                        1
   b - Confuse                        Hexes                        3
   c - Gell's Gravitas                Hexes/Translocation          3
   d - Petrify                        Transmutation/Earth          4
   e - Metabolic Englaciation         Hexes/Ice                    5
   f - Yara's Violent Unravelling     Hexes/Transmutation          5
Comestibles
 c - 4 bread rations
 r - 3 chunks of flesh
 t - 2 fruits


   Skills:
 + Level 0.1 Fighting
 + Level 1.1 Short Blades
 + Level 2.7 Dodging
 + Level 2.9 Stealth
 + Level 4.8 Spellcasting
 + Level 2.3 Conjurations
 + Level 4.2 Air Magic


You had 3 spell levels left.
You knew the following spells:

 Your Spells              Type           Power        Failure   Level  Hunger
a - Shock                 Conj/Air       ###.         2%          1    None
b - Swiftness             Chrm/Air       ##......     10%         2    None
c - Static Discharge      Conj/Air       ###.....     10%         3    ##.....
d - Airstrike             Air            ###.......   24%         4    ####...


Dungeon Overview and Level Annotations

Branches:
Dungeon (4/15)
 Temple: D:4-7

Altars:
Dithmenos
Makhleb


Message History

Press: ? - help, Shift-Dir - straight line The zap hits something.
The zap hits the orc priest.
You kill the orc priest!
Something hits you.
Casting: Shock
Confirm with . or Enter, or press ? or * to list all spells.
You can't see any susceptible monsters within range! (Use Z to cast anyway.)
Casting: Shock
Confirm with . or Enter, or press ? or * to list all spells.
Something is struck by lightning.
The lightning arcs!
You are struck by lightning.
The lightning grounds out.
You hear some strange, mumbled words.
You are confused.
Unknown command.
You miss something. Something hits you.
You bump into the rock wall.
You hear some strange, mumbled words.
A puff of flame appears from out of thin air!
The puff of flame hits you!
You die...

#### # ####o.... #.#........
#..##.#.####### #.# ..# .#
#.......)....@# #.### ).##.#
#####.#.#####.###... ......
............#...#..######.....
........###.###.#.............
######### #.#.............
#.#.............
#...............
###..#######...# #### #.......


There were no monsters in sight!

Vanquished Creatures
  An orc priest (D:4)
  A worker ant (D:4)
  4 adders
  An ooze (D:3)
  An adder skeleton (D:4)
  2 worms (D:2)
  3 dart slugs (D:1)
  4 leopard geckos
  2 orcs (D:3)
  4 giant cockroaches
  2 goblins
  7 hobgoblins
  12 kobolds
  A quokka (D:3)
  A ball python (D:1)
  11 bats
  7 frilled lizards
  3 rats
67 creatures vanquished.

Notes
Turn   | Place    | Note
-------+----------+-------------------------------------------
     0 | D:1      | nubinia the Deep Elf Air Elementalist began the quest for the Orb.
     0 | D:1      | Reached XP level 1. HP: 10/10 MP: 6/6
   143 | D:1      | Reached XP level 2. HP: 15/15 MP: 0/8
   864 | D:2      | Reached XP level 3. HP: 19/19 MP: 0/10
   945 | D:2      | Learned a level 2 spell: Swiftness
   949 | D:2      | Learned a level 3 spell: Static Discharge
  1371 | D:2      | Reached XP level 4. HP: 24/24 MP: 3/12
  1377 | D:2      | Learned a level 4 spell: Airstrike
  1472 | D:2      | Found a burning altar of Makhleb.
  1534 | D:2      | Found a shadowy altar of Dithmenos.
  2523 | D:4      | Reached skill level 1 in Short Blades
  2523 | D:4      | Reached XP level 5. HP: 28/28 MP: 8/14
  2617 | D:4      | Killed from afar by an orc wizard

Vault maps used:
D:1:      ncdulo_halloftheorcs
D:2:      bloody_makhleb, nicolae_overflow_hidden_temple, serial_forest,
          infiniplex_forest_lined_corner, infiniplex_forest_clump_curved,
          infiniplex_forest_clump_medium, infiniplex_forest_clump_diagonal,
          infiniplex_forest_end_1, infiniplex_forest_zigzag_1,
          infiniplex_forest_clump_curved, minmay_tetromino_i4
D:3:      hangedman_feature_mirror
D:4:      kennysheep_little_box, kennysheep_mini_moat, first_bread,
          grunt_ministairs_3

Skill      XL: |  1  2  3  4 |
---------------+-------------+-----
Spellcasting   | 4 |  4.8
Air Magic      | 4 |  4.2
Conjurations   | 2 |  2.3
Short Blades   | 1 |  1.1
Fighting       | |  0.1
Dodging        | |  2.7
Stealth        | |  2.9

Action                   |  1- 3 |  4- 6 || total
-------------------------+-------+-------++-------
Melee: Short sword       |     7 |       ||     7
       Dagger            |       |    23 ||    23
 Cast: Shock             |    79 |    56 ||   135
       Static Discharge  |       |     1 ||     1
 Stab: Sleeping          |       |     4 ||     4
  Eat: Chunk             |     1 |     4 ||     5
Armor: Robe              |     2 |     7 ||     9
Dodge: Dodged            |    13 |    11 ||    24
